 Dungeon Crawl Stone Soup version 0.27.1-1-g398f81649c (webtiles) character file.

Game seed: 5565491663168422347

4428 phibes the Grappler (level 10, -1/100 HPs)
             Began as a Troll Warper on Sept 11, 2021.
             Was a Priest of Ru.
             Slain by a killer bee (5 damage)
             ... on level 8 of the Dungeon on Sept 12, 2021.
             The game lasted 02:27:16 (8210 turns).

phibes the Grappler (Troll Warper)                  Turns: 8210, Time: 02:27:17

Health: -1/100     AC:  5    Str: 22    XL:     10   Next: 14%
Magic:  14/14      EV: 12    Int: 11    God:    Ru [***...]
Gold:   267        SH:  5    Dex: 15    Spells: 5/16 levels left

rFire    . . .     SeeInvis .     - Unarmed
rCold    . . .     Faith    .   (no shield)
rNeg     . . .     Spirit   .   a - +1 robe
rPois    .         Reflect  +   (helmet restricted)
rElec    .         Harm     .   x - scarf {+Inv}
rCorr    +         Rampage  .   (gloves unavailable)
Will     .....                  (boots unavailable)
Stlth    ..........             v - amulet of reflection
HPRegen  1.26/turn              k - +6 ring of dexterity
MPRegen  0.14/turn              p - ring of resist corrosion

@: lethally poisoned (-1 -> -2)
A: large, unfitting armour, claws 3, regeneration 1, shaggy fur 1, tough skin 1,
inability to read while threatened, no stealth, no earth magic, no hexes magic,
no summoning magic
a: Renounce Religion, Evoke Invisibility, Sacrifice a Hand, Sacrifice an Eye,
Sacrifice Purity, Reject Sacrifices, Draw Out Power


You were on level 8 of the Dungeon.
You worshipped Ru.
Ru was most pleased with you.
You visited 2 branches of the dungeon, and saw 10 of its levels.

You collected 267 gold pieces.

Inventory:

Hand Weapons
 i - a +2 dire flail of draining
 j - a +0 spear of venom
 r - a +1 spectral quarterstaff
 u - a +4 vampiric falchion
Missiles
 c - 5 boomerangs of dispersal (quivered)
 n - 13 boomerangs
 t - 4 silver boomerangs
Armour
 a - a +1 robe (worn)
 q - a +0 robe
 s - a +0 robe
 x - a scarf of invisibility (worn)
 B - +0 pearl dragon scales
Magical Staves
 z - a staff of earth
Jewellery
 k - a +6 ring of dexterity (left claw)
 o - an amulet of magic regeneration
 p - a ring of resist corrosion (right claw)
 v - an amulet of reflection (around neck)
 w - an amulet of reflection
Wands
 y - a wand of mindburst (14)
Scrolls
 b - a scroll of blinking
 d - 12 scrolls of identify
 g - a scroll of fog {unknown}
 h - 3 scrolls of teleportation
 A - 3 scrolls of enchant weapon
 D - a scroll of magic mapping {unknown}
 E - 2 scrolls of vulnerability {unknown}
Potions
 e - a potion of brilliance
 f - 2 potions of attraction
 l - 4 potions of curing
 m - a potion of heal wounds
 C - a potion of invisibility {unknown}


   Skills:
 * Level 6.4 Fighting
 - Level 2.0 Throwing
 + Level 0.9 Armour
 + Level 5.1 Dodging
 - Level 8.0 Unarmed Combat
 + Level 3.7 Spellcasting
 + Level 4.8 Translocations


You had 5 spell levels left.
You knew the following spells:

 Your Spells              Type           Power      Damage    Failure   Level
a - Blink                 Tloc           N/A        N/A       4%          2
b - Gell's Gravitas       Tloc           6%         N/A       10%         3
c - Teleport Other        Tloc           12%        N/A       10%         3
d - Lesser Beckoning      Tloc           6%         N/A       10%         3

Your spell library contained the following spells:

 Spells                   Type           Power      Damage    Failure   Level
 Beastly Appendage        Tmut           4%         N/A       24%         1
 Wereblood                Tmut           2%         N/A       36%         2
 Spider Form              Tmut/Pois      1%         N/A       58%         3
 Manifold Assault         Tloc           12%        N/A       67%         5
 Animate Dead             Necr           1%         N/A       94%         4
 Death Channel            Necr           1%         N/A       100%        6
 Borgnjor's Vile Clutch   Necr/Erth      Unusable   N/A       N/A         5

Dungeon Overview and Level Annotations

Branches:
Dungeon (9/15)             Temple (1/1) D:7
   Lair: D:8-11         Orc: D:9-12

Altars:
Ashenzari
Cheibriados
Dithmenos
Elyvilon
Fedhas
Gozag
Kikubaaqudgha
Makhleb
Nemelex Xobeh
Okawaru
Qazlal
Ru
Sif Muna
Trog
Uskayaw
Vehumet
Wu Jian
Zin
The Shining One

Shops:
D:3 ?   D:4 !


Innate Abilities, Weirdness & Mutations

You are too large for most types of armour.
You have claws for hands.
Your natural rate of healing is unusually fast.
You are covered in fur. (AC +1)
You have tough skin. (AC +1)
You sometimes lose the ability to read scrolls when taking damage.
You cannot be stealthy.
You cannot study or cast Earth magic.
You cannot study or cast Hexes magic.
You cannot study or cast Summoning magic.


Message History

You scratch the killer bee but do no damage.
The killer bee is heavily wounded.
You feel very sick. The killer bee stings you.
* * * LOW HITPOINT WARNING * * *
The killer bee stings you.
* * * LOW HITPOINT WARNING * * *
You are more poisoned.
The killer bee poisons you! You block the killer bee's attack. x2
You feel very sick. You block the killer bee's attack.
The killer bee barely misses you. You block the killer bee's attack.
The killer bee stings you but does no damage.
You feel very sick.
You redirect the killer bee's attack!
The killer bee closely misses itself.
The killer bee barely misses you.
The killer bee stings you but does no damage.
You block the killer bee's attack.
You can read scrolls again.
You feel very sick. The killer bee misses you.
You feel sick.
You feel sick.
The killer bee is stunned by your conviction and fails to attack.
You feel sick.
The killer bee is no longer blind.
The killer bee closely misses you.
You feel sick. The killer bee closely misses you.
You block the killer bee's attack.
The killer bee is stunned by your conviction and fails to attack.
You feel sick. The killer bee barely misses you.
You feel sick.
You feel sick. The killer bee stings you.
You feel threatened and lose the ability to read scrolls!
* * * LOW HITPOINT WARNING * * *
You are more poisoned.
The killer bee poisons you! The killer bee closely misses you.
You can read scrolls again.
You feel very sick. You block the killer bee's attack.
The killer bee stings you.
You die...

##..#.##.#.#####.....##.....####.
##.......#### ###....##.#.[.#...
............#####......###......#
.......#............#.###.^##....
..#..###...####....##.......##...
.##.####..### #...##..<....##....
.....#......####..........##...#.
.#..........##.............#..###
.#.........###.y@.>[.............
............##.y##..#....#...####
...#.>.........y...##...####.#⌠≈≈
..#.........##.....#.......#.#≈≈≈
###...................#......#≈≈≈
##......##..........#..##(.##≈#
#...................#..###..#≈#
#....##.##..#...........##.##≈#
#...###.######........####.#≈≈≈


You could see 3 killer bees.

Vanquished Creatures
  A two-headed ogre (D:8)
  Pikel (D:7)
  A manticore (D:8)
  Joseph (D:9)
  Menkaure (D:5)
  Edmund (D:6)
  2 orc warriors
  A sky beast (D:8)
  2 black bears
  2 ice beasts
  2 necrophages
  An ogre (D:7)
  A phantom (D:6)
  2 centaurs
  2 lemures (D:7)
  3 bullfrogs
  2 scorpions
  A howler monkey (D:9)
  2 gnoll shamans (D:6)
  2 orc priests
  3 hounds
  2 jellies
  4 iguanas
  4 orc wizards
  3 hound skeletons
  9 gnolls (D:6)
  A howler monkey skeleton (D:7)
  5 adders
  2 white imps
  2 ufetubi
  2 adder skeletons (D:4)
  3 worms
  3 dart slugs
  19 orcs
  4 endoplasms
  2 giant cockroaches
  8 goblins
  10 hobgoblins
  2 jackals (D:4)
  7 quokkas
  4 ball pythons
  A bat (D:2)
  2 frilled lizards
  4 kobolds
  8 rats
145 creatures vanquished.

Vanquished Creatures (others)
  A steam dragon (D:9)
  A water moccasin zombie (D:6)
  13 plants
15 creatures vanquished.

Grand Total: 160 creatures vanquished

Notes
Turn   | Place    | Note
-------+----------+-------------------------------------------
     0 | D:1      | phibes the Troll Warper began the quest for the Orb.
     0 | D:1      | Reached XP level 1. HP: 19/19 MP: 1/1
   125 | D:1      | Found a faded altar of an unknown god.
   158 | D:1      | Became a worshipper of Ru the Awakened
   171 | D:1      | Gained mutation: You sometimes lose the ability to read
                  | scrolls when taking damage. [Ru sacrifice]
   171 | D:1      | Reached * piety under Ru
   237 | D:1      | Reached XP level 2. HP: 27/27 MP: 3/3
  1012 | D:2      | Reached XP level 3. HP: 32/33 MP: 4/4
  1737 | D:3      | Reached XP level 4. HP: 42/42 MP: 5/5
  1823 | D:3      | Found Qaclogai's Magic Scroll Boutique.
  1864 | D:3      | Found a sparkling altar of Nemelex Xobeh.
  1926 | D:3      | You fall into a shaft and drop 3 floors!
  1971 | D:6      | Found a white marble altar of Elyvilon.
  1986 | D:6      | Reached skill level 3 in Unarmed Combat
  2146 | D:6      | Gained mutation: You cannot be stealthy. [Ru sacrifice]
  2146 | D:6      | Reached ** piety under Ru
  2159 | D:5      | Entered Level 5 of the Dungeon
  2272 | D:5      | Noticed a black bear
  2346 | D:5      | Noticed Menkaure
  2383 | D:6      | Reached XP level 5. HP: 47/49 MP: 6/6
  2392 | D:6      | Noticed a necrophage
  2515 | D:6      | Reached skill level 1 in Throwing
  2580 | D:6      | Learned a level 2 spell: Blink
  2619 | D:6      | Noticed an ogre
  2634 | D:7      | Reached XP level 6. HP: 56/59 MP: 7/7
  2686 | D:7      | Reached skill level 4 in Unarmed Combat
  3039 | D:7      | Found a staircase to the Ecumenical Temple.
  3050 | Temple   | Entered the Ecumenical Temple
  3289 | D:6      | Reached XP level 7. HP: 56/66 MP: 9/9
  3341 | D:6      | Noticed Edmund
  3398 | D:7      | Noticed Pikel
  3436 | D:7      | HP: 2/60 [acid (6)]
  3570 | D:8      | Reached skill level 5 in Unarmed Combat
  3830 | D:8      | Reached XP level 8. HP: 49/75 MP: 10/10
  4024 | D:8      | Noticed a two-headed ogre
  4100 | D:7      | Killed Pikel
  4101 | D:7      | Reached skill level 6 in Unarmed Combat
  4599 | D:6      | Killed Edmund
  4600 | D:6      | Reached XP level 9. HP: 40/80 MP: 12/12
  4669 | D:6      | Found a burning altar of Makhleb.
  4679 | D:6      | Gained mutation: You cannot study or cast Earth magic. [Ru
                  | sacrifice]
  4679 | D:6      | Gained mutation: You cannot study or cast Hexes magic. [Ru
                  | sacrifice]
  4679 | D:6      | Gained mutation: You cannot study or cast Summoning magic.
                  | [Ru sacrifice]
  4679 | D:6      | Reached *** piety under Ru
  4899 | D:6      | Reached skill level 5 in Fighting
  5059 | D:6      | Reached skill level 7 in Unarmed Combat
  5736 | D:5      | Killed Menkaure
  6397 | D:4      | You fall into a shaft and drop 3 floors!
  7041 | D:4      | Found a glowing silver altar of Zin.
  7042 | D:4      | Noticed an angel
  7207 | D:4      | Found Niphoyphif's Distillery.
  7575 | D:8      | Noticed a manticore
  7594 | D:8      | Killed a manticore
  7757 | D:8      | Killed a two-headed ogre
  7758 | D:8      | Reached skill level 5 in Dodging
  7758 | D:8      | Reached skill level 8 in Unarmed Combat
  7818 | D:8      | Found a snail-covered altar of Cheibriados.
  7875 | D:9      | Reached XP level 10. HP: 83/98 MP: 14/14
  7948 | D:9      | Noticed Joseph
  7970 | D:9      | Killed Joseph
  8141 | D:9      | Learned a level 3 spell: Gell's Gravitas
  8145 | D:9      | Learned a level 3 spell: Teleport Other
  8149 | D:9      | Learned a level 3 spell: Lesser Beckoning
  8210 | D:8      | HP: 4/100 [poisoned by a killer bee]
  8210 | D:8      | Slain by a killer bee

Illustrated notes

Levels and vault maps discovered:
D:1:      minmay_arrival_three_doors, layout_loops_ring,
          ebering_ecumenical_altar_sacrificial
D:2:      layout_loops_corners
D:3:      layout_rooms, nicolae_ru_path_of_blood, nemelex_diamond_rough_becter,
          yredelemnul_forgotten_temple_becter, serial_shops, shop
D:4:      layout_layer_cave, zin_angel, serial_shops, shop
D:5:      layout_basic, gup_sewer_entry_spiral, uniq_menkaure
D:6:      layout_loops_corners, nicolae_elyvilon_temple_path,
          pf_just_have_faith, uniq_edmund
D:7:      layout_cave_pods, minmay_temple_entry_poolview, uniq_pikel
D:8:      layout_cave_pools, cheibrodos_worm_habitat
D:9:      layout_cross, erik_lair_orcish_takeover, uniq_joseph
Temple:   dshaligram_water_room_temple

Skill      XL: |  1  2  3  4  5  6  7  8  9 |
---------------+----------------------------+-----
Dodging        | 2 3 4 5 |  5.1
Unarmed Combat | 3 4 5 6 8 |  8.0
Fighting       | 2 3 4 6 |  6.4
Throwing       | 1 2 |  2.0
Spellcasting   | 2 3 |  3.7
Translocations | 3 4 |  4.8
Armour         | |  0.9

Action                   |  1- 3 |  4- 6 |  7- 9 | 10-12 || total
-------------------------+-------+-------+-------+-------++-------
Melee: Unarmed           |    82 |   106 |   292 |    30 ||   510
       Punch             |     1 |     3 |    13 |     2 ||    19
 Cast: Blink             |       |       |     2 |       ||     2
       Teleport Other    |       |       |       |     1 ||     1
Invok: Sacrifice Words   |     1 |       |       |       ||     1
       Sacrifice Stealth |       |     1 |       |       ||     1
       Sacrifice Arcana  |       |       |     1 |       ||     1
  Use: Scroll            |       |       |     4 |       ||     4
       Potion            |       |       |     6 |     1 ||     7
 Stab: Invisible         |       |       |     1 |     1 ||     2
       Distracted        |       |       |     1 |       ||     1
Armor: Robe              |    11 |    17 |    26 |    10 ||    64
       Pearl dragon scal |       |       |    26 |     5 ||    31
Dodge: Dodged            |    18 |    49 |   103 |    35 ||   205
Block: Other             |       |       |    44 |    15 ||    59
       Reflection        |       |       |     2 |       ||     2
